 Seeded DCSS version 0.31-a0-920-g28cbb04a8c (webtiles) character file.

Game seed: 2916572129178612759 (custom seed)

2377 retardedninja the Protected (level 9, -3/81 HPs)
             Began as a Minotaur Fighter on Oct 17, 2023.
             Was an Initiate of Gozag.
             Killed from afar by a steam dragon (26 damage)
             ... with a ball of steam
             ... on level 7 of the Dungeon.
             The game lasted 00:08:54 (6215 turns).

retardedninja the Protected (Minotaur Fighter)      Turns: 6215, Time: 00:08:55

Health: -3/81      AC: 14    Str: 22 (24) XL:     9   Next: 21%
Magic:  8/8        EV:  8    Int:  2 (5)  God:    Gozag
Gold:   564        SH:  6    Dex:  8 (11) Spells: 8/8 levels left

rFire   . . .        a - +2 war axe
rCold   . . .        c - +1 buckler
rNeg    . . .        r - +0 chain mail
rPois   .            v - +2 hat
rElec   .            (no cloak)
rCorr   .            (no gloves)
SInv    .            q - +0 pair of boots
Will    .....        (no amulet) Stlth
                     e - ring of flight
HPRegen 0.33/turn    (no ring)
MPRegen 0.11/turn

%: no passive effects
@: lethally poisoned (-3 -> -8), gold aura, flying
A: horns 2, retaliatory headbutt
a: Renounce Religion, Potion Petition, Call Merchant, Bribe Branch


You were on level 7 of the Dungeon.
You worshipped Gozag.
Gozag was pleased with you.
You visited 2 branches of the dungeon, and saw 8 of its levels.

You collected 649 gold pieces.
You paid 85 gold pieces to Gozag.

Inventory:

Hand Weapons
 a - a +2 war axe (weapon)
Armour
 c - a +1 buckler (worn)
 q - a +0 pair of boots (worn)
 r - a +0 chain mail (worn)
 v - a +2 hat (worn)
Jewellery
 e - a ring of flight (left hand)
 E - a ring of magical power
Wands
 i - a wand of mindburst (9)
 s - a wand of acid (9)
 x - a wand of polymorph (6)
Scrolls
 g - a scroll of noise
 h - a scroll of butterflies {unknown}
 l - a scroll of silence {unknown}
 o - a scroll of torment {unknown}
 t - 2 scrolls of blinking
 u - a scroll of immolation {unknown}
 y - a scroll of acquirement {unknown}
 F - 2 scrolls of teleportation
Potions
 b - 3 potions of mutation
 d - a potion of ambrosia
 m - 2 potions of might
 w - 2 potions of brilliance
 A - a potion of curing


   Skills:
 + Level 8.2 Fighting
 + Level 7.8 Axes
 + Level 8.3 Armour
 + Level 8.3 Shields


You had 8 spell levels left.
You didn't know any spells.
Your spell library contained the following spells:

 Spells                   Type           Power      Damage    Failure   Level
 Freeze                   Ice            0%         1d3       99%         1
 Lesser Beckoning         Tloc           0%         N/A       99%         2
 Frozen Ramparts          Ice            0%         1d1       100%        3
 Gell's Gravitas          Tloc           0%         N/A       100%        3
 Hailstorm                Conj/Ice       0%         3d3       100%        3
 Teleport Other           Tloc           0%         N/A       100%        3
 Cause Fear               Hex            0%         N/A       100%        4
 Fireball                 Conj/Fire      0%         3d3       100%        5
 Dragon's Call            Summ           0%         N/A       100%        9


Dungeon Overview and Level Annotations

Branches:
Dungeon (7/15)             Temple (1/1) D:4

Altars:
Ashenzari
Cheibriados
Dithmenos
Elyvilon
Fedhas
Gozag
Hepliaklqana
Kikubaaqudgha
Makhleb
Okawaru
Qazlal
Ru
Sif Muna
Trog
Uskayaw
Vehumet
Xom
Yredelemnul
The Shining One

Shops:
D:1 *=[?=

Annotations:
D:3 2 transporters, Cancer's ghost, amateur GrEE


Innate Abilities, Weirdness & Mutations

You have a pair of horns on your head.
You reflexively headbutt those who attack you in melee.


Message History

The steam dragon is moderately wounded.
You miss the water moccasin.
The water moccasin bites you but does no damage.
The steam dragon breathes steam at you. The ball of steam hits you!
The water moccasin bites you!
You are poisoned.
The water moccasin poisons you!
You feel very sick. The steam dragon barely misses you. x2
You slash the steam dragon!
The steam dragon is severely wounded.
You closely miss the water moccasin.
You feel very sick.
The water moccasin is engulfed in a cloud of scalding steam.
The water moccasin bites you. The steam dragon breathes steam at you.
The ball of steam hits you!
* * * LOW HITPOINT WARNING * * *
The water moccasin is engulfed in a cloud of scalding steam.
You block the water moccasin's attack.
You feel much better.
You are engulfed in a cloud of scalding steam.
You feel sick.
The steam dragon bites you but does no damage.
The steam dragon claws you but does no damage.
The water moccasin is engulfed in a cloud of scalding steam.
The water moccasin dies!
You feel sick. The steam dragon breathes steam at you.
The ball of steam hits you!!
* * * LOW HITPOINT WARNING * * *
You hit the steam dragon but do no damage.
You headbutt the steam dragon, but do no damage.
The steam dragon is severely wounded.
You are engulfed in a cloud of scalding steam.
You feel sick. The steam dragon breathes steam at you.
The ball of steam hits you!!
You die...
Your body crumbles into a pile of gold.

...# ......#
......#
......# ###
#.....#
#..##.....#
#..<......#..
##.$D........
#...@....#
#....§...#
#....§.##.....
#.......# ....
#.#....§.. [..
....#..§... ..
..#.##...... .
... #......


You could see a steam dragon (catching breath).

Vanquished Creatures
  Grinder (D:3)
  Sigmund (D:6)
  Edmund (D:6)
  An orc warrior (D:6)
  An ice beast (D:6)
  A black bear (D:6)
  A sky beast (D:6)
  A centaur (D:6)
  3 phantoms
  A bullfrog (D:6)
  2 kobold brigands (D:3)
  Blork the orc (D:6)
  3 scorpions
  An orc priest (D:3)
  4 hounds
  3 jellies
  2 iguanas
  A sleepcap (D:5)
  Ijyb (D:3)
  Natasha (twice) (D:2)
  Terence (D:3)
  Robin (D:2)
  12 gnolls (D:3)
  10 adders
  2 worms
  A dart slug (D:2)
  9 orcs
  4 ball pythons (D:1)
  7 endoplasms
  2 giant cockroaches
  13 goblins
  10 hobgoblins
  2 jackals (D:1)
  5 quokkas
  7 bats
  A frilled lizard (D:1)
  41 kobolds
  2 rats (D:2)
162 creatures vanquished.

Vanquished Creatures (others)
  A water moccasin (D:7)
1 creature vanquished.

Grand Total: 163 creatures vanquished

Notes
Turn   | Place    | Note
-------+----------+-------------------------------------------
     0 | D:1      | retardedninja the Minotaur Fighter began the quest for the
                  | Orb.
     0 | D:1      | Reached XP level 1. HP: 19/19 MP: 0/0
    25 | D:1      | Found Qifraisen's Jewellery Shoppe.
   106 | D:1      | Reached XP level 2. HP: 27/27 MP: 1/1
   181 | D:1      | Found Jeury's Magic Scroll Boutique.
   310 | D:1      | Found Zaofoec's Jewellery Shop.
   328 | D:1      | You fall into a shaft and drop 1 floor!
   430 | D:1      | Found Vefaren's General Store.
   564 | D:1      | Found Coatistuw's Armour Shop.
   737 | D:1      | Reached XP level 3. HP: 33/33 MP: 2/2
   988 | D:2      | Noticed Natasha
   991 | D:2      | Killed Natasha
  1073 | D:2      | Noticed Robin
  1080 | D:2      | Killed Robin
  1081 | D:2      | Reached XP level 4. HP: 30/40 MP: 3/3
  1478 | D:2      | Noticed Natasha
  1483 | D:2      | Killed Natasha
  1541 | D:3      | Reached XP level 5. HP: 38/47 MP: 4/4
  1616 | D:3      | Reached skill level 5 in Fighting
  1616 | D:3      | Reached skill level 5 in Armour
  1616 | D:3      | Reached skill level 5 in Shields
  1885 | D:3      | Reached XP level 6. HP: 27/56 MP: 5/5
  2674 | D:3      | Noticed Grinder
  2678 | D:3      | Paralysed by Grinder for 2 turns
  2683 | D:3      | Paralysed by Grinder for 4 turns
  2688 | D:3      | Killed Grinder
  2689 | D:3      | Reached skill level 5 in Axes
  2689 | D:3      | Reached XP level 7. HP: 29/62 MP: 6/6
  2960 | D:3      | Found a transporter.
  2960 | D:3      | Noticed Cancer's ghost (amateur GrEE)
  2968 | D:3      | Found a transporter.
  3182 | D:3      | Noticed Terence
  3191 | D:3      | Killed Terence
  3315 | D:3      | Noticed Ijyb
  3327 | D:3      | Killed Ijyb
  3919 | D:4      | Found a staircase to the Ecumenical Temple.
  3925 | Temple   | Entered the Ecumenical Temple
  3942 | Temple   | Became a worshipper of Gozag Ym Sagoz the Greedy
  4222 | D:5      | Entered Level 5 of the Dungeon
  4233 | D:5      | Reached XP level 8. HP: 69/71 MP: 7/7
  4290 | D:5      | Found a glowing golden altar of the Shining One.
  4645 | D:5      | Found a sacrificial altar of Ru.
  4654 | D:5      | Found a bloodstained altar of Trog.
  4654 | D:5      | Found an ancient bone altar of Kikubaaqudgha.
  4656 | D:5      | Found a broken altar of Ashenzari.
  4658 | D:5      | Found a basalt altar of Yredelemnul.
  5252 | D:6      | Noticed Edmund
  5260 | D:6      | Killed Edmund
  5290 | D:6      | Noticed Sigmund
  5296 | D:6      | Killed Sigmund
  5390 | D:6      | Noticed Blork the orc
  5396 | D:6      | Killed Blork the orc
  5718 | D:6      | Reached XP level 9. HP: 74/81 MP: 8/8
  6215 | D:7      | Killed from afar by a steam dragon

Illustrated notes

Levels and vault maps discovered:
D:1:      dpeg_arrival_simpleton_b, layout_basic, serial_shops, shop,
          nicolae_shop_gaudy_bauble, shop, nicolae_shop_just_a_little_nook,
          nicolae_shop_stone
D:2:      layout_loops_cross, grunt_ministairs_13, uniq_robin, uniq_natasha
D:3:      minmay_goblin_kobold_castle, layout_rooms, gammafunk_ghost_mausoleum,
          uniq_terence, uniq_ijyb, uniq_grinder
D:4:      layout_cave_pools, temple_doors_e
D:5:      layout_loops_cross, minitemple, overflow_temple_1_default
D:6:      layout_basic, sigmund_edmund_badplayer, uniq_blork_the_orc,
          uniq_sigmund
D:7:      layout_cave_pools, minmay_misc_feat_more_columns, uniq_duvessa
Temple:   cyrus_circular_temple

Skill      XL: |  1  2  3  4  5  6  7  8  9 |
---------------+----------------------------+-----
Fighting       | 4 5 6 7 8 |  8.2
Armour         | 4 5 6 8 |  8.3
Shields        | 4 5 6 8 |  8.3
Axes           | 3 4 5 6 7 |  7.8

Action                     |  1- 3 |  4- 6 |  7- 9 || total
---------------------------+-------+-------+-------++-------
  Melee: War axe           |    49 |   134 |   188 ||   371
         Headbutt          |     9 |    23 |    40 ||    72
    Use: Potion            |     1 |       |    12 ||    13
         Scroll            |       |     1 |     8 ||     9
   Stab: Distracted        |       |       |     1 ||     1
 Armour: Scale mail        |    31 |   100 |       ||   131
         Chain mail        |       |    39 |   187 ||   226
  Dodge: Dodged            |    20 |    79 |    84 ||   183
  Block: Buckler           |    14 |    45 |    53 ||   112

Table legend: (Time is in decaauts)
 A = Elapsed time spent in this place.
 B = Non-inter-level travel time spent in this place.
 C = Inter-level travel time spent in this place.
 D = Time resting spent in this place.
 E = Time spent auto-exploring this place.
 F = Levels seen in this place.
 G = Mean time per level.
                   A        B        C        D        E       F      G
               +--------+--------+--------+--------+--------+-----+--------+
         Total |   6329 |   6213 |    116 |   1078 |   4070 |   8 |  791.1 |
       Dungeon |   6300 |   6194 |    106 |   1078 |   4070 |   7 |  900.0 |
        Temple |     28 |     18 |     10 |      0 |      0 |   1 |   28.0 |
               +--------+--------+--------+--------+--------+-----+--------+

Top non-repeatable levels by time:
     D:3: 2098 daAuts
     D:6: 1153 daAuts
     D:5: 846 daAuts
     D:1: 844 daAuts
     D:2: 698 daAuts
     D:4: 647 daAuts
  Temple: 28 daAuts
     D:7: 11 daAuts
